 Dungeon Crawl Stone Soup version 0.31.0-11-ge490571c62 (webtiles) character file.

Game seed: 2980896067404639336

95 qw the Shooter (level 4, 0/25 HPs)
             Began as a Deep Elf Hunter on Feb 4, 2024.
             Was an Initiate of Okawaru.
             Slain by an orc wizard
             ... wielding a +0 dagger
              (2 damage)
             ... while paralysed by Grinder
             ... on level 3 of the Dungeon.
             The game lasted 00:00:09 (2073 turns).

qw the Shooter (Deep Elf Hunter)                    Turns: 2073, Time: 00:00:10

Health: 0/25       AC:  3    Str: 16    XL:     4   Next: 39%
Magic:  6/6        EV:  2    Int: 14    God:    Okawaru [......]
Gold:   177        SH:  0    Dex: 18    Spells: 3/3 levels left

rFire   . . .        a - +0 shortbow
rCold   . . .        (shield currently unavailable)
rNeg    . . .        c - +0 leather armour
rPois   .            (no helmet)
rElec   .            (no cloak)
rCorr   .            (no gloves)
SInv    .            (no boots)
Will    .....        (no amulet)
Stlth   ++           b - +6 ring of strength
HPRegen 0.24/turn    (no ring)
MPRegen 0.10/turn

%: no passive effects
@: paralysed
A: no striking features
a: Renounce Religion


You were on level 3 of the Dungeon.
You worshipped Okawaru.
Okawaru was noncommittal.
You visited 1 branch of the dungeon, and saw 3 of its levels.

You collected 177 gold pieces.


   Skills:
 - Level 1.5 Fighting
 + Level 7.8 Ranged Weapons
 - Level 2.4 Dodging
 - Level 1.2 Stealth


You had 3 spell levels left.
You didn't know any spells.
Your spell library was empty.

Inventory:

Hand Weapons
 a - a +0 shortbow (weapon)
Armour
 c - a +0 leather armour (worn)
 g - a +0 ring mail
 i - a +0 cloak
Jewellery
 b - a +6 ring of strength (left hand)
Potions
 d - 2 potions of curing
 e - 2 potions of haste {unknown}
 h - a potion of heal wounds {unknown}

Dungeon Overview and Level Annotations

Branches:
Dungeon (3/15)

Altars:
Okawaru
Sif Muna

Annotations:
D:2 Sigmund
D:3 Grinder


Message History

Grinder is moderately wounded.
You shoot an arrow. The arrow completely misses Grinder.
Grinder hits you.
You writhe in agony.
You shoot an arrow. The arrow hits Grinder.
Grinder is moderately wounded.
Grinder gestures at you. You resist with significant effort.
You shoot an arrow. The arrow hits Grinder.
Grinder is heavily wounded.
Grinder hits you.
You writhe in agony.
You shoot an arrow.
The arrow hits Grinder but does no damage.
Grinder is heavily wounded.
Grinder hits you!
You shoot an arrow. The arrow hits Grinder.
Grinder is severely wounded.
Grinder hits you but does no damage.
You shoot an arrow. The arrow hits Grinder!
Grinder is almost dead.
Grinder closely misses you.
You shoot an arrow. The arrow hits Grinder.
Grinder is almost dead.
Grinder hits you but does no damage.
You shoot an arrow. The arrow closely misses Grinder.
Grinder hits you.
You writhe in agony.
2070 ||| READING scroll of teleportation.
As you read the scroll of teleportation, it crumbles to dust.
You feel strangely unstable. Grinder gestures at you.
You suddenly lose the ability to move!
Grinder hits you but does no damage. Grinder barely misses you.
Your surroundings suddenly seem different.
A goblin, an orc wizard and 2 orcs come into view.
An orc is wielding a +2 short sword of draining.
Found a stone staircase leading down.
The goblin shouts!
The orc shouts!
The orc wizard shouts!
You hear a shout!
A quokka comes into view.
The orc wizard hits you with a +0 dagger.
You die...

###.# # ..#.#
.# ##.#.##.#
#.......
#.....#
#.....#
#.##.....##
#>.g.@o.o.#
..r.#######.#
.


You could see an orc wizard, an orc, a quokka (wandering) and a goblin.

Vanquished Creatures
  2 adders (D:2)
  A ribbon worm (D:2)
  4 orcs (D:3)
  5 ball pythons
  6 bats
  5 endoplasms
  A giant cockroach (D:1)
  4 goblins
  8 hobgoblins
  13 jackals
  3 kobolds
  2 quokkas
  2 frilled lizards
  4 rats
60 creatures vanquished.

Notes
Turn   | Place    | Note
-------+----------+-------------------------------------------
     0 | D:1      | qw the Deep Elf Hunter began the quest for the Orb.
     0 | D:1      | Reached XP level 1. HP: 12/12 MP: 3/3
     0 | D:1      | 0 ||| qw: Version: 0.3-a-160-g6735b56
     0 | D:1      | 0 ||| qw: Game counter: 5517
     0 | D:1      | 0 ||| qw: Melee chars always use a shield: true
     0 | D:1      | 0 ||| qw: God list: Okawaru
     0 | D:1      | 0 ||| qw: Allow faded altars: false
     0 | D:1      | 0 ||| qw: Do Orc after clearing Dungeon:15 true
     0 | D:1      | 0 ||| qw: Do second Lair branch before Depths: true
     0 | D:1      | 0 ||| qw: Lair rune preference: random
     0 | D:1      | 0 ||| qw: Goals: Normal
     0 | D:1      | 0 ||| PLANNING D:1-11
   162 | D:1      | Found a faded altar of an unknown god.
   168 | D:1      | Reached XP level 2. HP: 16/16 MP: 4/4
   169 | D:1      | Reached skill level 6 in Ranged Weapons
   485 | D:1      | Reached XP level 3. HP: 20/20 MP: 5/5
   730 | D:1      | 730 ||| READING scroll labelled TUM OXZEBIS.
   730 | D:1      | 730 ||| IDENTIFYING sedimented inky potion
   731 | D:1      | 731 ||| READING 3 scrolls labelled KOAG FAVEMUCW.
   736 | D:1      | 736 ||| DROPPING scroll of butterflies.
   770 | D:2      | 770 ||| STAIRDANCE
   775 | D:2      | 775 ||| STAIRDANCE
   812 | D:2      | 812 ||| STAIRDANCE
   823 | D:2      | Reached skill level 7 in Ranged Weapons
   965 | D:2      | HP: 5/20 [poisoned by an adder]
  1121 | D:2      | Reached XP level 4. HP: 25/25 MP: 6/6
  1249 | D:2      | Noticed Sigmund
  1250 | D:2      | 1250 ||| FLEEEEING.
  1251 | D:2      | 1251 ||| FLEEEEING.
  1252 | D:2      | 1252 ||| FLEEEEING.
  1253 | D:2      | 1253 ||| FLEEEEING.
  1254 | D:2      | 1254 ||| FLEEEEING.
  1255 | D:2      | 1255 ||| FLEEEEING.
  1256 | D:2      | 1256 ||| FLEEEEING.
  1257 | D:2      | 1257 ||| FLEEEEING.
  1258 | D:2      | 1258 ||| FLEEEEING.
  1259 | D:2      | 1259 ||| FLEEEEING.
  1260 | D:2      | 1260 ||| FLEEEEING.
  1261 | D:2      | 1261 ||| FLEEEEING.
  1262 | D:2      | 1262 ||| FLEEEEING.
  1263 | D:2      | 1263 ||| FLEEEEING.
  1264 | D:2      | 1264 ||| FLEEEEING.
  1265 | D:2      | 1265 ||| FLEEEEING.
  1266 | D:2      | 1266 ||| FLEEEEING.
  1267 | D:2      | 1267 ||| FLEEEEING.
  1268 | D:2      | 1268 ||| FLEEEEING.
  1269 | D:2      | 1269 ||| FLEEEEING.
  1270 | D:2      | 1270 ||| FLEEEEING.
  1271 | D:2      | 1271 ||| FLEEEEING.
  1272 | D:2      | 1272 ||| FLEEEEING.
  1273 | D:2      | 1273 ||| FLEEEEING.
  1274 | D:2      | 1274 ||| FLEEEEING.
  1275 | D:2      | 1275 ||| FLEEEEING.
  1276 | D:2      | 1276 ||| FLEEEEING.
  1277 | D:2      | 1277 ||| FLEEEEING.
  1278 | D:2      | 1278 ||| STAIRDANCE
  1280 | D:1      | 1280 ||| READING 2 scrolls of teleportation.
  1285 | D:1      | 1285 ||| READING scroll of teleportation.
  1290 | D:1      | 1290 ||| UPGRADING to +6 ring of strength.
  1291 | D:1      | 1291 ||| DROPPING +6 ring of intelligence.
  1571 | D:2      | Found a shimmering blue altar of Sif Muna.
  1792 | D:3      | Identified the +2 dagger of Milyabod {protect, rPois rF++
                  | Will- Dex+8}
  1794 | D:3      | Found an iron altar of Okawaru.
  1795 | D:3      | 1795 ||| PLANNING OKAWARU WORSHIP
  1802 | D:3      | Became a worshipper of Warmaster Okawaru
  1803 | D:3      | 1803 ||| PLANNING D:1-11
  2058 | D:3      | Noticed Grinder
  2069 | D:3      | HP: 3/25 [Grinder (6)]
  2069 | D:3      | HP: 1/25 [Grinder (2)]
  2070 | D:3      | 2070 ||| READING scroll of teleportation.
  2070 | D:3      | Paralysed by Grinder for 4 turns
  2073 | D:3      | Slain by an orc wizard

Levels and vault maps discovered:
D:1:      tekkud_arrival_beachfront_property, layout_loops_cross,
          basic_ecumenical_altar, minmay_tripent
D:2:      minmay_angry_zag, layout_basic, basic_altar, uniq_sigmund
D:3:      layout_basic, nicolae_overflow_crystal_walls,
          ebering_ghost_rock_garden, uniq_grinder

Skill      XL: |  1  2  3 |
---------------+----------+-----
Ranged Weapons | 6 7 |  7.8
Fighting       | |  1.5
Dodging        | |  2.4
Stealth        | |  1.2

Action                     |  1- 3 |  4- 6 || total
---------------------------+-------+-------++-------
   Fire: Shortbow          |   130 |    43 ||   173
    Use: Scroll            |     2 |     3 ||     5
 Armour: Leather armour    |    39 |    12 ||    51
  Dodge: Dodged            |    58 |     5 ||    63

Table legend:
 A = Non-vault XP
 B = Vault XP
 C = Vault XP percentage of total XP
 D = Non-vault monster count
 E = Vault monster count
 F = Vault count percentage of total count
                 A         B        C        D         E       F
            +---------+---------+-------+---------+---------+-------
      Total |     112 |      24 |  17.6 |      53 |       7 |  11.7
            +---------+---------+-------+---------+---------+-------
        D:1 |      55 |       4 |   6.8 |      32 |       2 |   5.9
        D:2 |      31 |      20 |  39.2 |      10 |       5 |  33.3
        D:3 |      26 |       0 |   0.0 |      11 |       0 |   0.0
            +---------+---------+-------+---------+---------+-------
